TOP OF THE 1ST |
Chicago Hawks batting - Pitching for Wizarding Express : LHP Javier Roldán
|
Pitching: LHP Javier Roldán
|
|
Batting: RHB Jorge Salgado
|
0-0: Foul Ball, location: 2F 0-1: Ball 1-1: Ball 2-1: Fly out, F7 (Flyball, 78M)
|
Batting: LHB Scott Janousek
|
0-0: Ball 1-0: Called Strike 1-1: Called Strike 1-2: Strikes out swinging
|
Batting: LHB Jeff Simpson
|
0-0: Ball 1-0: Ball 2-0: Ball 3-0: Base on Balls
|
Batting: RHB Kumanosuke Asano
|
0-0: Called Strike 0-1: Ball 1-1: Foul Ball, location: 2F 1-2: Ground out 4-3 (Groundball, 4MS)
|
Top of the 1st over - 0 runs, 0 hits, 0 errors, 1 left on base; Chicago 0 - Wizarding 0 |
BOTTOM OF THE 1ST |
Wizarding Express batting - Pitching for Chicago Hawks : RHP Michael Machen
|
Pitching: RHP Michael Machen
|
|
Batting: RHB António Martínez
|
0-0: Called Strike 0-1: Fly out, F9 (Flyball, 9LSF)
|
Batting: SHB Salvador Trevino
|
0-0: Ball 1-0: Called Strike 1-1: Ball 2-1: Ball 3-1: Called Strike 3-2: Ground out 4-3 (Groundball, 4)
|
Batting: LHB Nathan Tanner
|
0-0: Ball 1-0: Ball 2-0: Foul Ball, location: 2F 2-1: Ball 3-1: Ground out 6-3 (Groundball, 6S)
|
Bottom of the 1st over - 0 runs, 0 hits, 0 errors, 0 left on base; Chicago 0 - Wizarding 0 |
TOP OF THE 2ND |
Chicago Hawks batting - Pitching for Wizarding Express : LHP Javier Roldán
|
Batting: RHB Jack Bonner
|
0-0: Ground out U3 (Groundball, 3)
|
Batting: SHB Luis Manuel Flores
|
0-0: Called Strike 0-1: Ball 1-1: Ball 2-1: SINGLE (Line Drive, 6D)
|
Batting: RHB Cam MacIntosh
|
0-0: Foul Ball, location: 2F 0-1: Swinging Strike 0-2: Strikes out looking
|
Batting: RHB Reg Spiers
|
0-0: Ball 1-0: Called Strike 1-1: Foul Ball, location: 2F 1-2: Ball 2-2: Fielders Choice at 2nd, 6-4 (Groundball, 6)
|
Top of the 2nd over - 0 runs, 1 hit, 0 errors, 1 left on base; Chicago 0 - Wizarding 0 |
BOTTOM OF THE 2ND |
Wizarding Express batting - Pitching for Chicago Hawks : RHP Michael Machen
|
Batting: RHB Ralph Cranford
|
0-0: Ground out 6-3 (Groundball, 6)
|
Batting: LHB José Corona
|
0-0: Ball 1-0: Ball 2-0: Ball 3-0: Base on Balls
|
Batting: LHB António Boccanegra
|
0-0: Ball 1-0: Ball 2-0: Called Strike 2-1: Ground out 6-3 (Groundball, 6MS) José Corona to second
|
Batting: RHB Paul Penrice
|
0-0: Ball 1-0: SINGLE (Line Drive, 89M) José Corona to third Runner from 3rd tries for Home, SAFE, no throw
|
Batting: LHB David Breitling
|
0-0: Swinging Strike 0-1: Called Strike 0-2: SINGLE (Flyball, 34D) Paul Penrice to second Runner from 2nd tries for 3rd, SAFE, no throw
|
Batting: RHB Frank Grimes
|
0-0: Called Strike 0-1: Ball 1-1: Ball 2-1: Ball 3-1: Base on Balls David Breitling to second
|
Batting: RHB António Martínez
|
0-0: Ball 1-0: Foul Ball, location: 2F 1-1: Foul Ball, location: 2F 1-2: Ball 2-2: Strikes out looking
|
Bottom of the 2nd over - 1 run, 2 hits, 0 errors, 3 left on base; Chicago 0 - Wizarding 1 |
TOP OF THE 3RD |
Chicago Hawks batting - Pitching for Wizarding Express : LHP Javier Roldán
|
Batting: RHB Tevin McTevin
|
0-0: Ball 1-0: Swinging Strike 1-1: Foul Ball, location: 2F 1-2: Ball 2-2: Ball 3-2: Base on Balls
|
Batting: RHB Jorge Salgado
|
0-0: Ball 1-0: Called Strike 1-1: Grounds into double play, 6-4-3 (Groundball, 6)
|
Batting: LHB Scott Janousek
|
0-0: Called Strike 0-1: Ball 1-1: Called Strike 1-2: Ball 2-2: Ball 3-2: Base on Balls
|
Batting: LHB Jeff Simpson
|
0-0: Ball Scott Janousek is caught stealing 2nd base
|
Top of the 3rd over - 0 runs, 0 hits, 0 errors, 0 left on base; Chicago 0 - Wizarding 1 |
BOTTOM OF THE 3RD |
Wizarding Express batting - Pitching for Chicago Hawks : RHP Michael Machen
|
Batting: SHB Salvador Trevino
|
0-0: Called Strike 0-1: Ball 1-1: Ball 2-1: Fly out, F8 (Flyball, 8RD)
|
Batting: LHB Nathan Tanner
|
0-0: Fly out, F9 (Flyball, 9LM)
|
Batting: RHB Ralph Cranford
|
0-0: Called Strike 0-1: Fly out, F8 (Flyball, 8LM)
|
Bottom of the 3rd over - 0 runs, 0 hits, 0 errors, 0 left on base; Chicago 0 - Wizarding 1 |
TOP OF THE 4TH |
Chicago Hawks batting - Pitching for Wizarding Express : LHP Javier Roldán
|
Batting: LHB Jeff Simpson
|
0-0: Ball 1-0: Fly out, F9 (Line Drive, 9LM)
|
Batting: RHB Kumanosuke Asano
|
0-0: Swinging Strike 0-1: SINGLE (Line Drive, 78S)
|
Batting: RHB Jack Bonner
|
0-0: Swinging Strike 0-1: Fly out, F5 (Popup, 5S)
|
Batting: SHB Luis Manuel Flores
|
0-0: Ball 1-0: Ball 2-0: Ball 3-0: Called Strike 3-1: Base on Balls Kumanosuke Asano to second
|
Batting: RHB Cam MacIntosh
|
0-0: Fly out, F7 (Flyball, 7LSF)
|
Top of the 4th over - 0 runs, 1 hit, 0 errors, 2 left on base; Chicago 0 - Wizarding 1 |
BOTTOM OF THE 4TH |
Wizarding Express batting - Pitching for Chicago Hawks : RHP Michael Machen
|
Batting: LHB José Corona
|
0-0: Called Strike 0-1: Swinging Strike 0-2: Strikes out looking
|
Batting: LHB António Boccanegra
|
0-0: Ball 1-0: Called Strike 1-1: Ball 2-1: Ball 3-1: Base on Balls
|
Batting: RHB Paul Penrice
|
0-0: Called Strike 0-1: Ball 1-1: Foul Ball, location: 2F 1-2: Strikes out looking
|
Batting: LHB David Breitling
|
0-0: Ball 1-0: DOUBLE (Groundball, 5L) António Boccanegra to third Runner from 3rd tries for Home, throw and OUT!
|
Bottom of the 4th over - 0 runs, 1 hit, 0 errors, 1 left on base; Chicago 0 - Wizarding 1 |
TOP OF THE 5TH |
Chicago Hawks batting - Pitching for Wizarding Express : LHP Javier Roldán
|
Batting: RHB Reg Spiers
|
0-0: Ball 1-0: Ball 2-0: Called Strike 2-1: Ball 3-1: Base on Balls
|
Batting: RHB Tevin McTevin
|
0-0: Ball 1-0: Bunt missed! 1-1: Bunt - Flyout! F1
|
Batting: RHB Jorge Salgado
|
0-0: Called Strike 0-1: Called Strike 0-2: Ball 1-2: Ball Reg Spiers steals 2nd base 2-2: Fly out, F8 (Flyball, 89D) Runner from 2nd tags up, SAFE at 3rd, no throw
|
Batting: LHB Scott Janousek
|
0-0: Called Strike 0-1: Foul Ball, location: 2F 0-2: Ground out 4-3 (Groundball, 4)
|
Top of the 5th over - 0 runs, 0 hits, 0 errors, 1 left on base; Chicago 0 - Wizarding 1 |
BOTTOM OF THE 5TH |
Wizarding Express batting - Pitching for Chicago Hawks : RHP Michael Machen
|
Batting: RHB Frank Grimes
|
0-0: Called Strike 0-1: Ball 1-1: Ball 2-1: Foul Ball, location: 2F 2-2: SINGLE (Groundball, 34D)
|
Batting: RHB António Martínez
|
0-0: Fly out, F7 (Flyball, 78M)
|
Batting: SHB Salvador Trevino
|
0-0: Ball 1-0: Called Strike 1-1: Ball 2-1: Swinging Strike 2-2: Fly out, F6 (Popup, 6M)
|
Batting: LHB Nathan Tanner
|
0-0: Ball 1-0: Called Strike 1-1: Ball 2-1: Foul Ball, location: 2F 2-2: Strikes out swinging
|
Bottom of the 5th over - 0 runs, 1 hit, 0 errors, 1 left on base; Chicago 0 - Wizarding 1 |
TOP OF THE 6TH |
Chicago Hawks batting - Pitching for Wizarding Express : LHP Javier Roldán
|
Batting: LHB Jeff Simpson
|
0-0: Ball 1-0: SINGLE (Groundball, 34D)
|
Batting: RHB Kumanosuke Asano
|
0-0: Called Strike 0-1: Foul Ball, location: 2F 0-2: Strikes out swinging
|
Batting: RHB Jack Bonner
|
0-0: Ball 1-0: Ball 2-0: Grounds into double play, 6-4-3 (Groundball, 6)
|
Top of the 6th over - 0 runs, 1 hit, 0 errors, 0 left on base; Chicago 0 - Wizarding 1 |
BOTTOM OF THE 6TH |
Wizarding Express batting - Pitching for Chicago Hawks : RHP Michael Machen
|
Batting: RHB Ralph Cranford
|
0-0: Ball 1-0: Ball 2-0: Called Strike 2-1: Foul Ball, location: 2F 2-2: Ball 3-2: Foul Ball, location: 2F 3-2: Foul Ball, location: 2F 3-2: Foul Ball, location: 2F 3-2: Strikes out looking
|
Batting: LHB José Corona
|
0-0: Foul Ball, location: 2F 0-1: Swinging Strike 0-2: Ball 1-2: Ball 2-2: Fly out, F7 (Flyball, 7S)
|
Batting: LHB António Boccanegra
|
0-0: Swinging Strike 0-1: Swinging Strike 0-2: Strikes out swinging
|
Bottom of the 6th over - 0 runs, 0 hits, 0 errors, 0 left on base; Chicago 0 - Wizarding 1 |
TOP OF THE 7TH |
Chicago Hawks batting - Pitching for Wizarding Express : LHP Javier Roldán
|
Batting: SHB Luis Manuel Flores
|
0-0: Foul Ball, location: 2F 0-1: Fly out, F7 (Line Drive, 78S)
|
Batting: RHB Cam MacIntosh
|
0-0: Called Strike 0-1: Called Strike 0-2: Ball 1-2: Fly out, F9 (Flyball, 9S)
|
Batting: RHB Reg Spiers
|
0-0: Reached on error, E1 (Groundball, 15S)
|
Batting: RHB Tevin McTevin
|
0-0: SINGLE (Line Drive, 56) Reg Spiers to third Runner from 3rd tries for Home, SAFE, no throw
|
Batting: RHB Jorge Salgado
|
0-0: Ball 1-0: Swinging Strike 1-1: Ball 2-1: Called Strike 2-2: Ball 3-2: DOUBLE (Flyball, 78D) Tevin McTevin to third Tevin McTevin scores
|
Batting: LHB Scott Janousek
|
0-0: Ball 1-0: Called Strike 1-1: Ball 2-1: Foul Ball, location: 2F 2-2: Ground out U3 (Groundball, 3S)
|
Top of the 7th over - 2 runs, 2 hits, 1 error, 1 left on base; Chicago 2 - Wizarding 1 |
BOTTOM OF THE 7TH |
Wizarding Express batting - Pitching for Chicago Hawks : RHP Michael Machen
|
Batting: RHB Paul Penrice
|
0-0: Ball 1-0: Ball 2-0: Ball 3-0: Called Strike 3-1: Ground out 6-3 (Groundball, 6)
|
Pitching: LHP Gabriel Herrera
|
|
Batting: LHB David Breitling
|
0-0: Fly out, F7 (Flyball, 7LS)
|
Batting: RHB Frank Grimes
|
0-0: Ball 1-0: Foul Ball, location: 2F 1-1: Fly out, F9 (Flyball, 9S)
|
Bottom of the 7th over - 0 runs, 0 hits, 0 errors, 0 left on base; Chicago 2 - Wizarding 1 |
TOP OF THE 8TH |
Chicago Hawks batting - Pitching for Wizarding Express : LHP Javier Roldán
|
Batting: LHB Jeff Simpson
|
0-0: Called Strike 0-1: SOLO HOME RUN (Line Drive, 9D), Distance : 349 ft
|
Batting: RHB Kumanosuke Asano
|
0-0: Called Strike 0-1: Ball 1-1: Fly out, F7 (Flyball, 7D)
|
Batting: RHB Jack Bonner
|
0-0: Swinging Strike 0-1: Swinging Strike 0-2: Ground out 5-3 (Groundball, 56S)
|
Batting: SHB Luis Manuel Flores
|
0-0: Ball 1-0: Foul Ball, location: 2F 1-1: Called Strike 1-2: Ball 2-2: Ball 3-2: Base on Balls
|
Pitching: RHP Marcos Oquendo
|
|
Batting: RHB Cam MacIntosh
|
0-0: Called Strike 0-1: Ball 1-1: Ball 2-1: Ground out 5-3 (Groundball, 56S)
|
Top of the 8th over - 1 run, 1 hit, 0 errors, 1 left on base; Chicago 3 - Wizarding 1 |
BOTTOM OF THE 8TH |
Wizarding Express batting - Pitching for Chicago Hawks : LHP Gabriel Herrera
|
Batting: RHB António Martínez
|
0-0: Ball 1-0: Ball 2-0: Called Strike 2-1: Ball 3-1: Base on Balls
|
Batting: SHB Salvador Trevino
|
0-0: Called Strike 0-1: Fly out, F8 (Line Drive, 8LM)
|
Batting: LHB Nathan Tanner
|
0-0: Ball 1-0: Ball 2-0: Ball 3-0: Base on Balls António Martínez to second
|
Pitching: RHP Carlos Garza
|
|
Batting: RHB Ralph Cranford
|
0-0: Ball António Martínez steals 3rd base Nathan Tanner to second 1-0: Ball 2-0: Fly out, F7 (Flyball, 7LDF) Runner from 3rd tags up, SCORES, no throw
|
Batting: LHB José Corona
|
0-0: Ground out U3 (Groundball, 34)
|
Bottom of the 8th over - 1 run, 0 hits, 0 errors, 1 left on base; Chicago 3 - Wizarding 2 |
TOP OF THE 9TH |
Chicago Hawks batting - Pitching for Wizarding Express : RHP Marcos Oquendo
|
Pitching: LHP Dorian Daly
|
|
Batting: RHB Reg Spiers
|
0-0: Ball 1-0: Ball 2-0: Ball 3-0: Base on Balls
|
Batting: RHB Tevin McTevin
|
0-0: Bunted foul 0-1: Sac Bunt - play at first, batter OUT! 3-4 Reg Spiers to second
|
Batting: RHB Jorge Salgado
|
0-0: Called Strike 0-1: Called Strike 0-2: Ball 1-2: Ground out 3-1 (Groundball, 34) Reg Spiers to third
|
Batting: LHB Scott Janousek
|
0-0: Called Strike 0-1: Ball 1-1: SINGLE (Flyball, 7LS) Reg Spiers scores
|
Batting: LHB Jeff Simpson
|
0-0: Ball 1-0: Ball 2-0: Ball 3-0: Called Strike 3-1: Foul Ball, location: 2F 3-2: Foul Ball, location: 2F 3-2: Foul Ball, location: 2F 3-2: Foul Ball, location: 2F 3-2: Foul Ball, location: 2F 3-2: Foul Ball, location: 2F 3-2: Foul Ball, location: 2F 3-2: Foul Ball, location: 2F 3-2: Base on Balls Scott Janousek to second
|
Batting: RHB Kumanosuke Asano
|
0-0: Ball 1-0: Ball 2-0: Called Strike 2-1: Foul Ball, location: 2F 2-2: Foul Ball, location: 2F 2-2: Ball 3-2: Foul Ball, location: 2F 3-2: Ground out 1-3 (Groundball, P)
|
Top of the 9th over - 1 run, 1 hit, 0 errors, 2 left on base; Chicago 4 - Wizarding 2 |
BOTTOM OF THE 9TH |
Wizarding Express batting - Pitching for Chicago Hawks : RHP Carlos Garza
|
Pitching: RHP Matt Digby
|
|
Batting: LHB António Boccanegra
|
0-0: Foul Ball, location: 2F 0-1: Ground out 4-3 (Groundball, 4S)
|
Batting: RHB Paul Penrice
|
0-0: Called Strike 0-1: Fly out, F5 (Popup, 5S)
|
Batting: LHB David Breitling
|
0-0: Single, Error in OF, E7, batter to second base
|
Batting: RHB Frank Grimes
|
0-0: Called Strike 0-1: Ball 1-1: Ball 2-1: SINGLE (Line Drive, 6M) David Breitling to third
|
Batting: RHB António Martínez
|
0-0: Ball 1-0: Ball 2-0: Called Strike 2-1: Foul Ball, location: 2F 2-2: Foul Ball, location: 2F 2-2: Foul Ball, location: 2F 2-2: Ball 3-2: Foul Ball, location: 2F 3-2: Foul Ball, location: 2F 3-2: Foul Ball, location: 2F 3-2: Base on Balls Frank Grimes to second
|
Batting: SHB Salvador Trevino
|
0-0: Ball 1-0: SINGLE (Line Drive, 6MD) David Breitling scores Frank Grimes to third António Martínez to second Runner from 3rd tries for Home, SAFE, no throw
|
Batting: LHB Nathan Tanner
|
0-0: Ball 1-0: Called Strike 1-1: Ball 2-1: Ball 3-1: Called Strike 3-2: SINGLE (Line Drive, 56) António Martínez to third Salvador Trevino to second António Martínez scores
|
Tuesday, June 12th, 2018 - OOTP Baseball 18.8 Build 76
|
|